 Dungeon Crawl Stone Soup version 0.30.1-11-g7821555f0a (webtiles) character file.

Game seed: 9698608369157303582

671 SacredBeard the Shooter (level 7, -8/38 HPs)
             Began as a Deep Elf Hexslinger on Oct 30, 2023.
             Was an Initiate of Hepliaklqana.
             Mangled by a wyvern (16 damage)
             ... on level 5 of the Dungeon.
             The game lasted 00:12:04 (3565 turns).

SacredBeard the Shooter (Deep Elf Hexslinger)       Turns: 3565, Time: 00:12:04

Health: -8/38      AC:  7    Str:  7    XL:     7   Next: 32%
Magic:  18/18      EV: 14    Int: 18    God:    Hepliaklqana [......]
Gold:   166        SH:  0    Dex: 17    Spells: 11/18 levels left

rFire   . . .        B - +0 shortbow
rCold   . . .        (shield currently unavailable)
rNeg    . . .        c - +0 robe
rPois   +            (no helmet)
rElec   .            (no cloak)
rCorr   .            (no gloves)
SInv    .            g - +0 pair of boots
Will    .....        (no amulet)
Stlth   ++           e - ring of poison resistance
HPRegen 0.26/turn    k - +4 ring of protection
MPRegen 0.16/turn

%: no passive effects
@: no status effects
A: no striking features
a: Renounce Religion


You were on level 5 of the Dungeon.
You worshipped Hepliaklqana.
Hepliaklqana was noncommittal.
You visited 2 branches of the dungeon, and saw 6 of its levels.

You collected 166 gold pieces.

Inventory:

Hand Weapons
 a - a +1 sling
 d - a +0 long sword of holy wrath
 B - a +0 shortbow (weapon)
Armour
 c - a +0 robe (worn)
 g - a +0 pair of boots (worn)
 h - a +0 leather armour
Jewellery
 e - a ring of poison resistance (left hand)
 k - a +4 ring of protection (right hand)
 w - the ring "Cuofudug" {*Corrode rF+ Will+ Str+6 Dex+3}
   (You found it on level 3 of the Dungeon)

   [ring of strength]

   Str:       It affects your strength (+6).
   Dex:       It affects your dexterity (+3).
   rF:        It protects you from fire.
   *Corrode:  It may corrode you when you take damage.
   Will:      It increases your willpower.
 A - a ring of protection from fire
 D - a +6 ring of strength
Wands
 v - a wand of polymorph (7)
 C - a wand of roots (11)
 E - a wand of paralysis (13)
Scrolls
 b - 3 scrolls of poison
 i - 3 scrolls of amnesia {unknown}
 j - a scroll of fog {unknown}
 l - a scroll of immolation {unknown}
 p - a scroll of teleportation {unknown}
 q - 2 scrolls of noise {unknown}
 r - 3 scrolls of fear {unknown}
 u - a scroll of blinking {unknown}
 x - 3 scrolls of identify {unknown}
 y - a scroll of vulnerability {unknown}
Potions
 f - a potion of resistance {unknown}
 m - a potion of invisibility {unknown}
 n - a potion of heal wounds {unknown}
 o - 2 potions of brilliance {unknown}
 s - a potion of haste {unknown}
 t - a potion of ambrosia {unknown}
 z - 2 potions of might {unknown}


   Skills:
 - Level 1.0 Fighting
 + Level 7.0 Ranged Weapons
 - Level 4.0 Dodging
 - Level 6.0 Spellcasting
 - Level 6.0 Hexes
 + Level 0.0 Evocations


You had 11 spell levels left.
You knew the following spells:

 Your Spells              Type           Power      Damage    Failure   Level
a - Slow                  Hex            100%       N/A       1%          1
b - Inner Flame           Hex/Fire       16%        N/A       11%         3
c - Portal Projectile     Hex/Tloc       32%        N/A       11%         3

Your spell library contained the following spells:

 Spells                   Type           Power      Damage    Failure   Level
 Cause Fear               Hex            13%        N/A       10%         4


Dungeon Overview and Level Annotations

Branches:
Dungeon (5/15) Zot: 26474  Temple (1/1) D:4 Zot: 5905

Altars:
Cheibriados
Dithmenos
Fedhas
Gozag
Hepliaklqana
Kikubaaqudgha
Okawaru
Qazlal
Ru
Sif Muna
Trog
Vehumet
Wu Jian
Xom
Yredelemnul
Zin
The Shining One

Shops:
D:1 ?


Message History

The orc attacks as you move away! The orc misses you.
The wyvern attacks as you move away! The wyvern bites you!
The wyvern hisses menacingly.
The wyvern attacks as you move away! The wyvern barely misses you.
The wyvern hisses menacingly.
The wyvern attacks as you move away! The wyvern closely misses you.
The wyvern attacks as you move away! The wyvern closely misses you.
The wyvern attacks as you move away! The wyvern barely misses you.
The wyvern is no longer moving slowly.
The wyvern attacks as you move away!
The wyvern bites you but does no damage.
The wyvern's inner flame fades away.
The wyvern bites you but does no damage.
The wyvern bites you but does no damage.
The wyvern bites you! The wyvern barely misses you.
The wyvern attacks as you move away! The wyvern barely misses you.
The wyvern bites you. The wyvern closely misses you.
The wyvern barely misses you. The wyvern barely misses you.
The wyvern misses you.
There is a stone staircase leading down here.
The wyvern completely misses you. The wyvern closely misses you.
You climb downwards.
There is a stone staircase leading up here.
You are too injured to fight recklessly!
Casting: Inner Flame (dangerous; 11% risk of failure)
Confirm with . or Enter, or press ? or * to list all spells.
Aiming: Slow (safe; 1% risk of failure)
Press: ? - help, Shift-Dir - straight line, f - wyvern
Aim: a wyvern (lightly wounded, chance to affect: 56%)
The wyvern seems to slow down.
The wyvern bites you!
* * * LOW HITPOINT WARNING * * *
The wyvern barely misses you. The wyvern attacks as you move away!
The wyvern barely misses you. The orc misses you.
There is a stone staircase leading up here.
The orc barely misses you. The wyvern bites you!
You die...

#..# #...# #..##...#
#..#...# ##.....#
#####.....##
#.........##
#..........##
####...##l..#
###....o@...####
................####
#......[.............
##.....#.............
#............[...)...
...##........<.......
..# #.[##...###..####
#..# #..## #.# ..#
#..# .#


You could see a wyvern (slow) and an orc.

Vanquished Creatures
  Menkaure (D:4)
  2 black bears
  A centaur (D:3)
  2 scorpions (D:4)
  A hound (D:4)
  An iguana (D:4)
  4 adders
  An ufetubus (D:4)
  3 worms
  A dart slug (D:2)
  2 orcs (D:5)
  5 ball pythons
  7 bats
  8 endoplasms
  A giant cockroach (D:4)
  8 goblins
  4 hobgoblins
  4 quokkas
  5 frilled lizards
  8 kobolds
  A rat (D:3)
70 creatures vanquished.

Notes
Turn   | Place    | Note
-------+----------+-------------------------------------------
     0 | D:1      | SacredBeard the Deep Elf Hexslinger began the quest for the
                  | Orb.
     0 | D:1      | Reached XP level 1. HP: 11/11 MP: 5/5
   349 | D:1      | Found Ykutwaug's Magic Scroll Emporium.
   400 | D:1      | Reached skill level 1 in Fighting
   414 | D:1      | Found a faded altar of an unknown god.
   422 | D:1      | Reached XP level 2. HP: 16/16 MP: 6/6
   615 | D:1      | Reached skill level 3 in Ranged Weapons
   989 | D:2      | Reached XP level 3. HP: 20/20 MP: 8/8
  1662 | D:3      | Noticed a centaur
  1703 | D:3      | Learned a level 3 spell: Inner Flame
  1707 | D:3      | Learned a level 3 spell: Portal Projectile
  1732 | D:3      | Reached XP level 4. HP: 25/25 MP: 10/10
  1834 | D:3      | Identified the ring "Cuofudug" {*Corrode rF+ Will+ Str+6
                  | Dex+3}
  2019 | D:4      | Reached skill level 4 in Ranged Weapons
  2019 | D:4      | Reached skill level 5 in Hexes
  2095 | D:4      | Noticed a scorpion
  2176 | D:4      | Killed a scorpion
  2177 | D:4      | Reached XP level 5. HP: 16/29 MP: 10/12
  2322 | D:4      | Noticed Menkaure
  2335 | D:4      | Killed Menkaure
  2336 | D:4      | Reached XP level 6. HP: 34/34 MP: 9/14
  2368 | D:4      | Found a staircase to the Ecumenical Temple.
  2377 | Temple   | Entered the Ecumenical Temple
  2404 | Temple   | Became a worshipper of Hepliaklqana the Forgotten
  2497 | D:4      | Reached skill level 5 in Ranged Weapons
  2520 | D:4      | Found a bloodstained altar of Trog.
  2763 | D:3      | Reached skill level 6 in Ranged Weapons
  2763 | D:3      | Reached skill level 5 in Spellcasting
  2858 | D:3      | Reached XP level 7. HP: 32/38 MP: 15/17
  2967 | D:4      | Found an ancient bone altar of Kikubaaqudgha.
  2967 | D:4      | Found an opulent altar of Gozag.
  2975 | D:4      | Found a shadowy altar of Dithmenos.
  2978 | D:4      | Found a blossoming altar of Fedhas.
  2980 | D:4      | Found a faded altar of an unknown god.
  3079 | D:5      | Entered Level 5 of the Dungeon
  3142 | D:5      | Noticed a wyvern
  3312 | D:4      | Reached skill level 7 in Ranged Weapons
  3565 | D:5      | Mangled by a wyvern

Illustrated notes

Levels and vault maps discovered:
D:1:      mainiacjoe_arrival_reflecting_pool, layout_basic,
          hellmonk_ecumenical_altar_pennies_from_heaven, serial_shops,
          nicolae_shop_rolled_up
D:2:      layout_loops_ring, minmay_split_cup_small
D:3:      layout_rooms
D:4:      layout_rooms, trog_ov_bears_minmay,
          chequers_temple_overflow_minitemple, minmay_temple_entry_tees,
          uniq_menkaure
D:5:      layout_layer_cave, overflow_temple_1_default, uniq_pikel,
          uniq_blork_the_orc
Temple:   nicolae_temple_hex_pool

Skill      XL: |  1  2  3  4  5  6  7 |
---------------+----------------------+-----
Fighting       | 1 |  1.0
Spellcasting   | 2 3 4 5 6 |  6.0
Ranged Weapons | 3 4 6 7 |  7.0
Dodging        | 3 4 |  4.0
Hexes          | 5 6 |  6.0

Action                     |  1- 3 |  4- 6 |  7- 9 || total
---------------------------+-------+-------+-------++-------
   Fire: Sling             |   103 |   101 |       ||   204
         Shortbow          |       |       |    30 ||    30
   Cast: Slow              |     9 |    17 |    15 ||    41
         Inner Flame       |       |     3 |     5 ||     8
 Armour: Robe              |     8 |    22 |    14 ||    44
  Dodge: Dodged            |    24 |    50 |    52 ||   126
